 Dungeon Sprint DCSS version 0.26-a0-651-gb41185065b (webtiles) character file.

Game seed: 2940494152140138580

42819 mhtbhm the Ninja (level 13, 0/77 HPs)
             Began as a Spriggan Brigand on Sept 28, 2020.
             Was the Champion of Dithmenos.
             Killed from afar by a fire giant (45 damage)
             ... with a fireball
             ... in the Dungeon (Sprint IX: "|||||||||||||||||||||||||||||").
             The game lasted 00:19:38 (6812 turns).

mhtbhm the Ninja (Spriggan Brigand)                 Turns: 6812, Time: 00:19:39

Health: 0/77       AC: 13    Str: 11    XL:     13   Next: 87%
Magic:  18/18      EV: 33    Int: 13    God:    Dithmenos [******]
Gold:   86         SH:  0    Dex: 21    Spells: 12/12 levels left

rFire    . . .     SeeInvis +   a - +2 rapier (distort)
rCold    . . .     Faith    .   (shield restricted)
rNeg     . . .     Spirit   .   e - +4 troll leather armour
rPois    +         Reflect  .   K - +2 hood of the Assassin {Detection Stab+ Stlth++}
rElec    .         Harm     .   u - +1 cloak
rCorr    .         Rampage  .   (gloves unavailable)
MR       ++...     NoTele   +   (boots unavailable)
Stlth    ++++++++++             (no amulet)
HPRegen  0.62/turn              p - +3 ring of strength
MPRegen  0.16/turn              E - ring of poison resistance

@: wreathed by umbra, very quick
A: very small, unfitting armour, see invisible, speed 3
a: Shadow Step, Shadow Form, Renounce Religion


You were in the Dungeon.
You worshipped Dithmenos.
Dithmenos was exalted by your worship.
You visited 1 branch You collected 1765 gold pieces.
You spent 1679 gold pieces at shops.

Inventory:

Hand Weapons
 a - a +2 rapier of distortion (weapon)
 j - a +0 dagger of holy wrath
 q - a +3 dagger of venom
 I - the +9 lajatang of Look {freeze, +Inv rElec rC- Stlth+}
   (You found it in the Dungeon)

   It has been specially enchanted to freeze those struck by it, causing extra
   injury to most foes and up to half again as much damage against particularly
   susceptible opponents.
   It can also slow down cold-blooded creatures.
   It makes you vulnerable to cold.
   It insulates you from electricity.
   It lets you turn invisible.
   It makes you more stealthy.
Missiles
 d - 6 poisoned darts (quivered)
Armour
 c - the +0 robe "Aryppiar" {rF- rC++ Dex+4}
   (You bought it in a shop in the Dungeon)

   It affects your dexterity (+4).
   It makes you vulnerable to fire.
   It greatly protects you from cold.
 e - a +4 troll leather armour (worn)
 u - a +1 cloak (worn)
 J - a +2 buckler of reflection
 K - the +2 hood of the Assassin (worn) {Detection Stab+ Stlth++}
   (You found it in the Dungeon)

   It makes you much more stealthy.
Jewellery
 p - a +3 ring of strength (left hand)
 E - a ring of poison resistance (right hand)
 F - an uncursed ring of positive energy
Wands
 y - a wand of flame (2)
Scrolls
 k - 2 scrolls of blinking
 l - 3 scrolls of remove curse
 m - 2 scrolls of amnesia
 t - 3 scrolls of fear
 v - 3 scrolls of fog
 w - 4 scrolls of enchant armour
Potions
 b - a potion of stabbing
 f - 7 potions of curing
 g - 9 potions of heal wounds
 h - a potion of haste
 i - 4 potions of magic
 n - a potion of invisibility
 o - a potion of berserk rage
 r - a potion of brilliance
 s - a potion of lignification
 x - 2 potions of resistance
 z - a potion of mutation
 A - a potion of might {unknown}
Miscellaneous
 C - a phial of floods


   Skills:
 + Level 13.1 Fighting
 + Level 19.0 Short Blades
 + Level 14.6 Throwing
 + Level 4.9 Armour
 + Level 16.1 Dodging
 O Level 27 Stealth
 + Level 6.4 Invocations
 + Level 13.0 Evocations


You had 12 spell levels left.
You didn't know any spells.
Your spell library was empty.

Dungeon Overview and Level Annotations

Branches:
Dungeon (1/1)

Altars:
Cheibriados
Dithmenos
Elyvilon
Fedhas
Gozag
Hepliaklqana
Kikubaaqudgha
Makhleb
Nemelex Xobeh
Okawaru
Qazlal
Ru
Sif Muna
Trog
Uskayaw
Vehumet
Wu Jian
Xom
Yredelemnul
Zin
The Shining One
Beogh
Jiyva
Lugonu

Shops:
D ***[


Innate Abilities, Weirdness & Mutations

You are very small and have problems with some larger weapons.
You are too small for most types of armour.
You have supernaturally acute eyesight. (SInv)
You cover ground extremely quickly.


Message History

The bolt of fire misses you.
You puncture the fire giant!
The fire giant is almost dead.
The fire giant blinks!
You hit the fire giant but do no damage.
Space bends around the fire giant.
The fire giant is almost dead.
Your shadow hits the fire giant but does no damage.
The fire giant points at you and mumbles some strange words.
The fireball explodes!
The fireball engulfs you!!
You emit a cloud of dark smoke.
The fireball engulfs the fire giant.
The fire giant resists.
You hear a shout! x2
You hit the fire giant.
The fire giant is almost dead.
The fire giant blinks!
The fire giant points at you and mumbles some strange words.
The fireball explodes!
The fireball engulfs you!!!
Ouch! That really hurt!
You die...

▓.▓.▓.▓.▓.▓.▓.▓.▓.▓_
{▓.▓.▓.▓.▓.▓.▓.▓.▓.▓_
{▓Q▓.▓.▓)▓.▓.▓.▓.▓.▓_
{▓.▓C▓.▓.▓.▓.▓.▓.▓.▓_
{▓.▓.▓.▓.▓.▓'▓.▓.▓.▓_
{▓.▓(▓.▓=▓.▓)▓.▓'▓.▓'
{▓.▓.▓.▓'▓.▓)▓.▓÷▓.▓.
{▓.▓§▓.▓)▓.▓)▓.▓÷▓.▓.
{▓.▓@▓.▓)▓.▓.▓.▓†▓.▓)
{
{▓.♣§♣.▓.▓.▓)▓.▓.▓.▓.
{▓{♣§♣.▓.▓.▓∩▓.▓.▓.▓.
{▓{♣.♣.▓)▓.▓.▓.▓.▓.▓[
{▓.♣)♣.▓.▓.▓∩▓.▓.▓.▓(
{▓.♣.♣.▓)▓.▓.▓.▓.▓.▓.
{▓.♣.♣.▓.▓.▓∩▓.▓.▓.▓.
{▓.♣.♣.▓.▓.▓.▓.▓.▓.▓†
{▓.♣.♣.▓.▓.▓∩▓.▓.▓.▓.


You could see a fire giant (poisoned).

Vanquished Creatures
  2 thorn hunters (D)
  A nagaraja (D)
  A deep elf sorcerer (D)
  An entropy weaver (D)
  2 very ugly things (D)
  A stone giant (D)
  Azrael (D)
  An ettin (D)
  An ogre mage (D)
  Erolcha (D)
  A naga warrior (D)
  4 centaur warriors (D)
  Sonja (D)
  A skeletal warrior (D)
  A spriggan druid (D)
  A sea snake (D)
  4 lindwurms (D)
  3 orc knights (D)
  2 ugly things (D)
  An orc sorcerer (D)
  A wolf spider (D)
  2 cyclopes (D)
  A guardian serpent (D)
  4 black mambas (D)
  A water nymph (D)
  A kobold demonologist (D)
  A yaktaur (D)
  A merfolk (D)
  A queen bee (shapeshifter) (D)
  2 trolls (D)
  3 jumping spiders (D)
  A wind drake (D)
  A hornet (D)
  3 tyrant leeches (D)
  A snapping turtle (D)
  2 hippogriffs (D)
  A wyvern (D)
  A redback (D)
  A wraith (D)
  4 fire elementals (D)
  A basilisk (D)
  A yak (D)
  2 nagas (D)
  An insubstantial wisp (D)
  3 water moccasins (D)
  3 porcupines (D)
  14 orc warriors (D)
  2 swamp drakes (D)
  A phantom (D)
  2 ogres (D)
  2 crocodiles (D)
  5 bullfrogs (D)
  A jelly (D)
  5 orc priests (D)
  3 orc wizards (D)
  An ufetubus (D)
  2 adder skeletons (D)
  A leopard gecko (D)
  6 orcs (D)
  A giant cockroach (D)
  2 goblins (D)
  A jackal (D)
  A quokka skeleton (D)
  2 briar patches (D)
127 creatures vanquished.

Vanquished Creatures (others)
  A swamp drake (D)
  2 briar patches (D)
3 creatures vanquished.

Grand Total: 130 creatures vanquished

Notes
Turn   | Place    | Note
-------+----------+-------------------------------------------
     0 | D        | mhtbhm the Spriggan Brigand began the quest for the Orb.
     0 | D        | Reached XP level 1. HP: 10/10 MP: 2/2
     9 | D        | Reached skill level 6 in Stealth
    11 | D        | Reached skill level 7 in Stealth
   128 | D        | Noticed an ogre
   128 | D        | Noticed a phantom
   128 | D        | Noticed an ogre
   147 | D        | Reached skill level 8 in Stealth
   147 | D        | Reached XP level 2. HP: 13/15 MP: 3/3
   186 | D        | Killed an ogre
   186 | D        | Reached skill level 12 in Stealth
   186 | D        | Reached XP level 3. HP: 19/19 MP: 4/4
   186 | D        | Reached XP level 4. HP: 23/23 MP: 5/5
   195 | D        | Killed an ogre
   195 | D        | Reached skill level 13 in Stealth
   195 | D        | Reached XP level 5. HP: 28/28 MP: 6/6
   270 | D        | Killed a phantom
   270 | D        | Reached skill level 5 in Short Blades
   270 | D        | Reached skill level 5 in Throwing
   270 | D        | Reached skill level 14 in Stealth
   270 | D        | Reached XP level 6. HP: 13/33 MP: 7/7
   297 | D        | Found a roughly hewn altar of Beogh.
   297 | D        | Found a snail-covered altar of Cheibriados.
   297 | D        | Found a shadowy altar of Dithmenos.
   297 | D        | Found a white marble altar of Elyvilon.
   297 | D        | Found a blossoming altar of Fedhas.
   297 | D        | Found an opulent altar of Gozag.
   298 | D        | Found a hazy altar of Hepliaklqana.
   299 | D        | Found a viscous altar of Jiyva.
   300 | D        | Found an ancient bone altar of Kikubaaqudgha.
   301 | D        | Found a corrupted altar of Lugonu.
   302 | D        | Found a burning altar of Makhleb.
   303 | D        | Found a sparkling altar of Nemelex Xobeh.
   304 | D        | Found an iron altar of Okawaru.
   305 | D        | Found a stormy altar of Qazlal.
   306 | D        | Found a sacrificial altar of Ru.
   309 | D        | Found a shimmering blue altar of Sif Muna.
   310 | D        | Found a bloodstained altar of Trog.
   311 | D        | Found a hide-covered altar of Uskayaw.
   312 | D        | Found a radiant altar of Vehumet.
   313 | D        | Found an ornate altar of the Wu Jian Council.
   314 | D        | Found a shimmering altar of Xom.
   315 | D        | Found a basalt altar of Yredelemnul.
   316 | D        | Found a glowing silver altar of Zin.
   317 | D        | Found a glowing golden altar of the Shining One.
   352 | D        | Became a worshipper of Dithmenos the Shadowed
   538 | D        | Noticed a yak
   538 | D        | Noticed a hippogriff
   538 | D        | Noticed a troll
   538 | D        | Noticed an orc warrior
   541 | D        | Banished a yak
   541 | D        | Reached skill level 16 in Stealth
   547 | D        | Killed a hippogriff
   547 | D        | Reached * piety under Dithmenos
   547 | D        | Reached skill level 5 in Fighting
   547 | D        | Reached XP level 7. HP: 28/39 MP: 8/8
   572 | D        | Killed a troll
   572 | D        | Reached skill level 5 in Dodging
   572 | D        | Reached skill level 17 in Stealth
   770 | D        | Noticed a white ugly thing
   770 | D        | Noticed a red ugly thing
   770 | D        | Noticed a troll
   770 | D        | Noticed a cyclops
   774 | D        | Killed a white ugly thing
   774 | D        | Reached ** piety under Dithmenos
   774 | D        | Reached skill level 10 in Short Blades
   774 | D        | Reached XP level 8. HP: 44/44 MP: 9/9
   796 | D        | Killed a red ugly thing
   796 | D        | Reached skill level 18 in Stealth
   833 | D        | Killed a troll
   833 | D        | Reached XP level 9. HP: 38/49 MP: 10/10
   950 | D        | Killed a cyclops
   950 | D        | Reached skill level 19 in Stealth
   950 | D        | Reached skill level 1 in Evocations
  1088 | D        | Reached *** piety under Dithmenos
  1096 | D        | Reached **** piety under Dithmenos
  1105 | D        | Reached ***** piety under Dithmenos
  1105 | D        | Reached skill level 20 in Stealth
  1107 | D        | Noticed a cane toad
  1497 | D        | Banished a cane toad
  1497 | D        | Reached XP level 10. HP: 55/55 MP: 11/11
  1607 | D        | Reached skill level 10 in Throwing
  1619 | D        | Reached skill level 21 in Stealth
  1800 | D        | Noticed a lindwurm
  1800 | D        | Noticed a lindwurm
  1800 | D        | Noticed a lindwurm
  1801 | D        | Noticed a lindwurm
  1802 | D        | Killed a lindwurm
  1803 | D        | Noticed a lindwurm
  1804 | D        | Killed a lindwurm
  1812 | D        | Killed a lindwurm
  1812 | D        | Reached skill level 22 in Stealth
  1812 | D        | Reached skill level 1 in Invocations
  1828 | D        | Banished a lindwurm
  1829 | D        | Killed a lindwurm
  1829 | D        | Reached ****** piety under Dithmenos
  1834 | D        | Reached skill level 10 in Dodging
  2071 | D        | Reached skill level 23 in Stealth
  2172 | D        | Noticed Erolcha
  2179 | D        | Killed Erolcha
  2179 | D        | Reached XP level 11. HP: 60/60 MP: 12/12
  2219 | D        | Noticed an orc sorcerer
  2223 | D        | Killed an orc sorcerer
  2331 | D        | Noticed an orc knight
  2331 | D        | Noticed an orc knight
  2337 | D        | Banished an orc knight
  2337 | D        | Reached skill level 24 in Stealth
  2346 | D        | Banished an orc knight
  2346 | D        | Reached skill level 15 in Short Blades
  2390 | D        | Reached skill level 5 in Evocations
  2521 | D        | Found Eqiuqys's Assorted Antiques.
  2524 | D        | Found Vileq's General Store.
  2534 | D        | Noticed an orc knight
  2537 | D        | Noticed an orc knight
  2541 | D        | Found Vofinour's Assorted Antiques.
  2580 | D        | Killed an orc knight
  2592 | D        | Killed an orc knight
  2592 | D        | Reached skill level 25 in Stealth
  2683 | D        | Noticed an orc knight
  2741 | D        | Killed an orc knight
  2866 | D        | Noticed an orc knight
  2867 | D        | Found Avol's Antique Armour Shoppe.
  2869 | D        | Banished an orc knight
  2870 | D        | Noticed an orc knight
  2875 | D        | Banished an orc knight
  2905 | D        | Bought a sheer robe for 159 gold pieces
  2910 | D        | Identified the +0 robe "Aryppiar" {rF- rC++ Dex+4} (You
                  | bought it in a shop in the Dungeon)
  2912 | D        | Bought a steaming rapier for 198 gold pieces
  2912 | D        | Bought a potion of heal wounds for 110 gold pieces
  2912 | D        | Identified the cursed +0 rapier of Karma {freeze, +Rage
                  | Str+3 Int+5 Dex-3} (You bought it in a shop in the Dungeon)
  2921 | D        | Bought a runed hat for 196 gold pieces
  2933 | D        | Bought a potion of curing for 60 gold pieces
  2933 | D        | Bought a potion of invisibility for 160 gold pieces
  2933 | D        | Bought a potion of curing for 60 gold pieces
  2933 | D        | Bought a puce potion for 18 gold pieces
  2933 | D        | Bought an embroidered cloak for 150 gold pieces
  2933 | D        | Bought a fuming green potion for 18 gold pieces
  2933 | D        | Bought a scroll of identify for 40 gold pieces
  2933 | D        | Bought a scroll of fear for 70 gold pieces
  2935 | D        | Bought a phial of floods for 440 gold pieces
  3010 | D        | Noticed Sonja
  3017 | D        | Killed Sonja
  3065 | D        | Got the +9 lajatang of Look {freeze, +Inv rElec rC- Stlth+}
  3069 | D        | Found the +2 hood of the Assassin {Detection Stab+ Stlth++}
  3070 | D        | Found the +3 salamander hide armour {Flames rF++ rC--}
  3455 | D        | Noticed a skeletal warrior
  3455 | D        | Noticed a centaur warrior
  3456 | D        | Noticed a centaur warrior
  3457 | D        | Killed a skeletal warrior
  3458 | D        | Noticed a centaur warrior
  3459 | D        | Killed a centaur warrior
  3459 | D        | Reached skill level 26 in Stealth
  3460 | D        | Noticed a cyan very ugly thing
  3462 | D        | Noticed an ettin
  3637 | D        | Reached XP level 12. HP: 65/65 MP: 14/14
  3648 | D        | Noticed a deep troll earth mage
  3649 | D        | Killed a centaur warrior
  3786 | D        | Killed a centaur warrior
  3840 | D        | Banished a cyan very ugly thing
  3847 | D        | Killed an ettin
  3847 | D        | Reached skill level 1 in Armour
  3922 | D        | Reached skill level 27 in Stealth
  3942 | D        | Banished a deep troll earth mage
  3942 | D        | Reached skill level 10 in Evocations
  3973 | D        | Noticed a centaur warrior
  3988 | D        | Killed a centaur warrior
  4136 | D        | Noticed a nagaraja
  4137 | D        | Noticed a naga warrior
  4138 | D        | Killed a nagaraja
  4138 | D        | Reached skill level 10 in Fighting
  4150 | D        | Killed a naga warrior
  4471 | D        | Reached XP level 13. HP: 52/73 MP: 12/17
  4943 | D        | Noticed an entropy weaver
  4943 | D        | Noticed an emperor scorpion
  4945 | D        | Killed an entropy weaver
  5071 | D        | Banished an emperor scorpion
  5071 | D        | Reached skill level 5 in Invocations
  5170 | D        | Noticed a thorn hunter
  5170 | D        | Noticed a thorn hunter
  5170 | D        | Noticed a thorn hunter
  5172 | D        | Killed a thorn hunter
  5346 | D        | Killed a thorn hunter
  5346 | D        | Reached skill level 15 in Dodging
  5710 | D        | Banished a thorn hunter
  5882 | D        | Noticed Azrael
  5893 | D        | Killed Azrael
  5966 | D        | Noticed a purple very ugly thing
  5966 | D        | Noticed a brown very ugly thing
  5966 | D        | Noticed a stone giant
  5966 | D        | Noticed a deep elf sorcerer
  5967 | D        | Noticed a fire giant
  5968 | D        | Killed a purple very ugly thing
  5969 | D        | Noticed a frost giant
  5970 | D        | Killed a brown very ugly thing
  5972 | D        | Killed a stone giant
  6071 | D        | Killed a deep elf sorcerer
  6812 | D        | Killed from afar by a fire giant

Illustrated notes

Levels and vault maps discovered:
D:        linesprint [early_d, line_temple, items_1, d_10, items_2, lair_1,
          lair_end, items_3, orc_1, orc_end, items_4, d_15, swamp_1, shoals_1,
          snake_1, spider_1, d_20, vaults_1, items_5, swamp_end, shoals_end,
          snake_end, spider_end, vaults_end, d_27, items_6, zot_1, zot_end,
          crypt_end, forest_end, elf_end, slime_end, tomb_end, abyss_end,
          pan_hell_end]

Skill      XL: |  1  2  3  4  5  6  7  8  9 10 11 12 13 |
---------------+----------------------------------------+-----
Stealth        | 8 12 13 14 16 17 18 20 23 26 27 | 27.0
Fighting       | 2 3 5 6 7 8 10 13 | 13.1
Short Blades   | 3 4 5 8 10 11 13 14 15 17 19 | 19.0
Throwing       | 3 4 5 6 7 8 9 10 11 13 14 | 14.6
Dodging        | 2 3 4 5 6 8 10 12 13 16 | 16.1
Evocations     | 2 4 8 12 13 | 13.0
Invocations    | 1 4 6 |  6.4
Armour         | 3 4 |  4.9

Action                   |  1- 3 |  4- 6 |  7- 9 | 10-12 | 13-15 || total
-------------------------+-------+-------+-------+-------+-------++-------
Melee: Dagger            |    18 |    53 |       |       |       ||    71
       Rapier            |       |     6 |    50 |   241 |   145 ||   442
Throw: Dart              |     6 |     1 |    16 |    30 |     7 ||    60
Invok: Shadow Step       |       |       |     1 |     8 |     6 ||    15
Evoke: Wand              |       |       |     4 |    20 |     1 ||    25
       Phial of floods   |       |       |       |     1 |       ||     1
  Use: Potion            |       |     1 |     1 |     2 |     1 ||     5
       Scroll            |       |       |       |     2 |     5 ||     7
 Stab: Sleeping          |       |     1 |    10 |    25 |     9 ||    45
       Invisible         |       |       |     1 |       |       ||     1
       Distracted        |       |       |       |     4 |     4 ||     8
       Confused          |       |       |       |       |     1 ||     1
Armor: Robe              |       |     3 |       |     1 |       ||     4
       Troll leather arm |       |       |       |       |     8 ||     8
Dodge: Dodged            |    10 |    33 |    27 |   107 |   118 ||   295

Table legend: (Time is in decaauts)
 A = Elapsed time spent in this place.
 B = Non-inter-level travel time spent in this place.
 C = Inter-level travel time spent in this place.
 D = Time resting spent in this place.
 E = Time spent auto-exploring this place.
 F = Levels seen in this place.
 G = Mean time per level.
                   A        B        C        D        E       F      G
               +--------+--------+--------+--------+--------+-----+--------+
         Total |   5363 |   5363 |      0 |   2839 |    419 |   1 | 5363.0 |
       Dungeon |   5363 |   5363 |      0 |   2839 |    419 |   1 | 5363.0 |
               +--------+--------+--------+--------+--------+-----+--------+

Top non-repeatable levels by time:
       D: 5363 daAuts
